 Dungeon Crawl Stone Soup version 0.29.0 (webtiles) character file.

Game seed: 7020044002185124595

1724 XZede the Trooper (level 9, -4/85 HPs)
             Began as a Gargoyle Artificer on Sept 2, 2022.
             Was a Follower of Makhleb.
             Slain by a troll (8 damage)
             ... on level 6 of the Dungeon.
             The game lasted 00:37:56 (8107 turns).

XZede the Trooper (Gargoyle Artificer)              Turns: 8107, Time: 00:37:56

Health: -4/85      AC: 35    Str: 18    XL:     9   Next: 4%
Magic:  9/9        EV:  2    Int: 12    God:    Makhleb [*.....]
Gold:   323        SH:  0    Dex: 12    Spells: 8/8 levels left

rFire   . . .      SeeInvis .   y - +2 mace (protect)
rCold   + . .      Faith    .   (no shield)
rNeg    + . .      Spirit   .   (body armour currently unavailable)
rPois   ∞          Reflect  .   (helmet currently unavailable)
rElec   .          Harm     .   (cloak currently unavailable)
rCorr   .          Rampage  .   (gloves currently unavailable)
Will    .....      NoTele   +   (boots currently unavailable)
Stlth   ++........              (no amulet)
HPRegen 0.24/turn               f - ring of protection from cold
MPRegen 0.11/turn               C - +4 ring of protection

@: tree-form, under a protective aura
A: stationary, stasis, torment immunity, boosted hp, sickness immunity, AC +6,
negative energy resistance 1, (electricity resistance), torment resistance 1,
petrification resistance
a: Renounce Religion


You were on level 6 of the Dungeon.
You worshipped Makhleb.
Makhleb was aware of your devotion.
You were a tree.
You visited 2 branches of the dungeon, and saw 8 of its levels.

You collected 323 gold pieces.

Inventory:

Hand Weapons
 y - a +2 mace of protection (weapon)
Missiles
 b - 16 poisoned darts (quivered)
 i - 13 stones
 j - 6 boomerangs
Armour
 h - a +2 helmet (melded)
 r - a +0 scale mail (melded)
 u - a +1 pair of boots (melded)
Magical Staves
 t - a staff of air
Jewellery
 f - a ring of protection from cold (left branch)
 w - a +6 ring of intelligence
 C - a +4 ring of protection (right branch)
Wands
 d - a wand of charming (15)
 e - a wand of iceblast (3)
 o - a wand of paralysis (9)
 A - a wand of flame (11)
Scrolls
 a - 5 scrolls of magic mapping
 c - a scroll of fear {unknown}
 g - a scroll of brand weapon {unknown}
 k - a scroll of enchant weapon {unknown}
 l - a scroll of noise {unknown}
 n - a scroll of blinking {unknown}
 s - 3 scrolls of teleportation
 v - a scroll of identify
 x - a scroll of vulnerability {unknown}
 B - a scroll of immolation {unknown}
Potions
 m - a potion of degeneration
 p - a potion of flight
 q - 2 potions of curing


   Skills:
 + Level 7.0 Fighting
 * Level 6.5 Maces & Flails
 + Level 5.1 Armour
 - Level 1.1 Dodging
 - Level 4.0 Stealth
 - Level 2.9 Unarmed Combat
 - Level 2.6 Evocations


You had 8 spell levels left.
You didn't know any spells.
Your spell library contained the following spells:

 Spells                   Type           Power      Damage    Failure   Level
 Wereblood                Tmut           0%         N/A       45%         2
 Petrify                  Tmut/Erth      0%         N/A       97%         4
 Irradiate                Conj/Tmut      0%         3d11      100%        5
 Summon Hydra             Summ           0%         N/A       100%        7
 Sublimation of Blood     Necr           Unusable   N/A       N/A         2

Dungeon Overview and Level Annotations

Branches:
Dungeon (7/15)             Temple (1/1) D:4

Altars:
Ashenzari
Cheibriados
Dithmenos
Elyvilon
Fedhas
Gozag
Hepliaklqana
Kikubaaqudgha
Makhleb
Nemelex Xobeh
Okawaru
Ru
Sif Muna
Trog
Uskayaw
Vehumet
Wu Jian
Xom
Yredelemnul
Zin
The Shining One


Innate Abilities, Weirdness & Mutations

You are a tree.
Your roots penetrate the ground, keeping you stationary.
You cannot be teleported.
You are immune to unholy pain and torment.
Your maximum health is greatly increased.
Your equipment is partially melded.
You are immune to sickness and miasma.
((Your stone body is resilient. (AC +6)))
You are immune to poison.
You resist negative energy. (rN+)
((You are resistant to electric shocks. (rElec)))
You are resistant to unholy torment.
You are immune to petrification.


Message History

You cannot move.
You cannot move.
You cannot move.
You cannot move.
You cannot move.
You cannot move.
You cannot move.
You cannot move.
You cannot move.
You cannot move.
You cannot move.
You cannot move.
You cannot move.
You cannot move.
You cannot move.
You cannot move.
You cannot move.
You cannot move.
You cannot move.
You cannot move.
You cannot move.
You cannot move.
You cannot move.
You cannot move.
You cannot move.
You are too injured to fight recklessly!
You are too injured to fight recklessly!
You are too injured to fight recklessly!
You are too injured to fight recklessly!
You are too injured to fight recklessly!
You closely miss the troll.
The troll is severely wounded.
The troll bites you!
* * * LOW HITPOINT WARNING * * *
The troll claws you but does no damage. x2
You hit the troll but do no damage.
Your weapon exudes an aura of protection.
The troll is severely wounded.
The troll bites you!
You die...

##.....####'####
##..............##
#................#
#......<.........#
#................#
#................#
#................# #
#................# #
##......[♣......## ######
######.....#.T....## #.....
#.........##.###### #.###.
#.........##.# ###.###.
#.........#..# #.......
#............#########.#.....
#...........................#
#.........)#...###.#####.##..
#..........#..##...........#.


You could see a troll.

Vanquished Creatures
  Sigmund (D:2)
  Menkaure (D:4)
  Edmund (D:4)
  An ice beast (D:6)
  A sky beast (D:6)
  2 ogres
  Blork the orc (D:5)
  A bullfrog (D:6)
  3 wights
  2 gnoll boudas
  3 hounds (D:5)
  An orc priest (D:4)
  3 iguanas (D:5)
  Terence (D:3)
  Natasha (D:4)
  An orc wizard (D:5)
  13 gnolls
  6 adders
  A white imp (D:6)
  2 worms
  6 dart slugs
  21 orcs
  9 ball pythons
  11 endoplasms
  9 giant cockroaches
  6 goblins
  9 hobgoblins
  3 jackals (D:2)
  12 kobolds
  A quokka (D:2)
  4 bats
  4 frilled lizards
  2 rats
143 creatures vanquished.

Vanquished Creatures (others)
  An orc wizard (D:5)
  30 plants (D:3)
31 creatures vanquished.

Grand Total: 174 creatures vanquished

Notes
Turn   | Place    | Note
-------+----------+-------------------------------------------
     0 | D:1      | XZede the Gargoyle Artificer began the quest for the Orb.
     0 | D:1      | Reached XP level 1. HP: 12/12 MP: 1/1
   183 | D:1      | Reached skill level 1 in Dodging
   183 | D:1      | Reached XP level 2. HP: 16/16 MP: 2/2
   337 | D:1      | Reached skill level 2 in Fighting
   427 | D:1      | Reached XP level 3. HP: 20/21 MP: 3/3
   551 | D:1      | Found a faded altar of an unknown god.
  1128 | D:2      | Reached skill level 1 in Unarmed Combat
  1817 | D:2      | Reached XP level 4. HP: 25/27 MP: 4/4
  2141 | D:3      | Noticed Sigmund
  2447 | D:2      | Killed Sigmund
  2448 | D:2      | Reached skill level 4 in Fighting
  2448 | D:2      | Reached XP level 5. HP: 32/33 MP: 5/5
  2448 | D:2      | Reached XP level 6. HP: 37/38 MP: 6/6
  2683 | D:3      | Noticed Terence
  2706 | D:3      | Killed Terence
  2849 | D:3      | Found a hazy altar of Hepliaklqana.
  2897 | D:3      | Found a bloodstained altar of Trog.
  3158 | D:3      | Reached skill level 1 in Maces & Flails
  4093 | D:4      | Reached XP level 7. HP: 5/44 MP: 7/7
  4311 | D:4      | Noticed Edmund
  4346 | D:4      | Killed Edmund
  4347 | D:4      | Reached skill level 5 in Fighting
  4465 | D:4      | Found a staircase to the Ecumenical Temple.
  4471 | D:4      | Noticed Menkaure
  4475 | D:4      | Killed Menkaure
  4493 | Temple   | Entered the Ecumenical Temple
  4686 | Temple   | Became a worshipper of Makhleb the Destroyer
  4940 | D:4      | Noticed Natasha
  4954 | D:4      | Killed Natasha
  5138 | D:5      | Entered Level 5 of the Dungeon
  5191 | D:5      | Noticed Blork the orc
  5200 | D:5      | Killed Blork the orc
  5354 | D:4      | Reached XP level 8. HP: 14/51 MP: 8/8
  6042 | D:5      | Reached skill level 6 in Fighting
  6528 | D:5      | Reached skill level 5 in Maces & Flails
  7257 | D:6      | Reached * piety under Makhleb
  7558 | D:6      | Found an opulent altar of Gozag.
  7586 | D:6      | Found an iron altar of Okawaru.
  7789 | D:6      | Found a glowing silver altar of Zin.
  7938 | D:7      | Noticed a troll
  7952 | D:6      | Reached skill level 5 in Armour
  7952 | D:6      | Reached XP level 9. HP: 45/56 MP: 9/9
  8022 | D:6      | Reached skill level 7 in Fighting
  8106 | D:6      | HP: 4/85 [troll (11)]
  8107 | D:6      | Slain by a troll

Illustrated notes

Levels and vault maps discovered:
D:1:      heliophobic_arrival_henge, layout_loops_ring,
          ebering_ecumenical_altar_ruins, hangedman_decor_riveting,
          kennysheep_doodads, hangedman_abyss_or_decor_lesser_grid,
          minmay_crystal_room, minmay_worlds_worst_comb
D:2:      layout_basic, minmay_heptomino_h4
D:3:      layout_basic, mainiacjoe_overflow_two_lobes, serial_bayou,
          serial_bayou_lake_a, serial_bayou_pond_c, serial_bayou_lagoon_a,
          serial_bayou_shore_b, uniq_sigmund, uniq_terence
D:4:      cheibrodos_helix_gallery, layout_basic,
          minmay_temple_entry_purple_smoke, uniq_menkaure, uniq_edmund,
          uniq_natasha
D:5:      layout_basic, uniq_blork_the_orc
D:6:      layout_rooms, mainiacjoe_overflow_swirl, zin_scriptorium,
          hangedman_abyss_or_decor_jellyfish_corner
D:7:      layout_loops_ring, minmay_misc_feat_tower
Temple:   eino_temple_rhombus

Skill      XL: |  1  2  3  4  5  6  7  8  9 |
---------------+----------------------------+-----
Dodging        | 1 |  1.1
Fighting       | 2 4 5 6 7 |  7.0
Stealth        | 2 3 4 |  4.0
Unarmed Combat | 1 2 |  2.9
Maces & Flails | 2 4 6 |  6.5
Armour         | 3 5 |  5.1
Evocations     | |  2.6

Action                   |  1- 3 |  4- 6 |  7- 9 || total
-------------------------+-------+-------+-------++-------
Melee: Club              |    45 |       |       ||    45
       Unarmed           |   131 |    87 |       ||   218
       Punch             |     1 |     3 |     6 ||    10
       Flail             |       |   147 |   181 ||   328
       Mace              |       |       |   174 ||   174
Throw: Dart              |    58 |    40 |    10 ||   108
Evoke: Wand              |     3 |     8 |     6 ||    17
  Use: Scroll            |       |     3 |     3 ||     6
       Potion            |       |       |     6 ||     6
 Stab: Sleeping          |     5 |       |       ||     5
Armor: Leather armour    |    63 |       |       ||    63
       Ring mail         |    26 |    38 |       ||    64
       Scale mail        |       |   145 |   399 ||   544
       Skin              |       |       |     5 ||     5
Dodge: Dodged            |   105 |   162 |   227 ||   494
